 Dungeon Crawl Stone Soup version 0.31-a0-354-g827e0957a7 (webtiles) character file.

Game seed: 4391377979785164527

44 Monkooky the Ducker (level 3, -5/15 HPs)
             Began as a Felid Shapeshifter on July 24, 2023.
             Shot with an arrow by a centaur (6 damage)
             ... on level 3 of the Dungeon.
             The game lasted 00:02:14 (1959 turns).

Monkooky the Ducker (Felid Shapeshifter)            Turns: 1959, Time: 00:02:14

Health: -5/15      AC:  1    Str: 11    XL:     3   Next: 39%
Magic:  4/4        EV: 19    Int:  9    God:
Gold:   116        SH:  0    Dex: 18    Spells: 2/2 levels left
                                        Lives:  0   Deaths: 0

rFire   + .          .
                       - Unarmed
rCold   . . .        (shield unavailable)
rNeg    . . .        (body armour unavailable)
rPois   .            (helmet unavailable)
rElec   .            (cloak unavailable)
rCorr   .            (gloves unavailable)
SInv    +            (boots unavailable)
Will    .....        (no amulet)
Stlth   ++           f - ring of protection from fire
HPRegen 0.22/turn    (no ring)
MPRegen 0.09/turn

%: no passive effects
@: beast-form, invisible, quick
A: beast (slay +2), very small, claws 1, fangs 3, see invisible, speed 1, shaggy
fur 1, stealthy paws, no weapons or thrown items, no armour, multi-lived
a: Begin Untransformation


You were on level 3 of the Dungeon.
You were a hulking beast.
You visited 1 branch of the dungeon, and saw 3 of its levels.

You collected 116 gold pieces.

Inventory:

Jewellery
 f - a ring of protection from fire (left paw)
Talismans
 b - a beast talisman
Scrolls
 e - a scroll of immolation {unknown}
 g - 2 scrolls of enchant weapon {unknown}
 h - 2 scrolls of identify {unknown}
 j - 2 scrolls of teleportation {unknown}
 k - a scroll of revelation {unknown}
 l - 3 scrolls of blinking {unknown}
 m - 3 scrolls of torment {unknown}
 o - a scroll of fog {unknown}
Potions
 a - a potion of lignification
 d - a potion of enlightenment {unknown}
 i - a potion of mutation {unknown}
 n - a potion of curing {unknown}
 p - a potion of might {unknown}


   Skills:
 + Level 1.1 Fighting
 * Level 4.4 Dodging
 + Level 3.5 Unarmed Combat
 - Level 3.2 Shapeshifting


You had 2 spell levels left.
You didn't know any spells.
Your spell library contained the following spells:

 Spells                   Type           Power      Damage    Failure   Level
 Dazzling Flash           Conj/Hex       0%         N/A       77%         3
 Volatile Blastmotes      Fire/Tloc      0%         2d10      77%         3
 Starburst                Conj/Fire      0%         6d3       100%        6
 Maxwell's Capacitive Co  Air            0%         ∞         100%        8


Dungeon Overview and Level Annotations

Branches:
Dungeon (3/15)

Altars:
Zin


Innate Abilities, Weirdness & Mutations

You are a hulking beast.
Your limbs bulge with bestial killing power. (Slay +2)
You have sharp claws.
You have razor-sharp teeth.
You have supernaturally acute eyesight. (SInv)
You cover ground quickly. (Speed+)
You are covered in fur. (AC +1)
Your paws help you pounce on unaware monsters.
You are incapable of wielding weapons or throwing items.
You cannot wear armour.
You gain extra lives every three experience levels.


Message History

The orc barely misses you.
You scratch the orc.
The orc is almost dead.
The orc hits you with a +0 hand axe.
You claw the orc!
You kill the orc!
No target in view!
No target in view!
No target in view!
No target in view!
No target in view!
No target in view!
No target in view!
No target in view!
No target in view!
No target in view!
No target in view!
No target in view!
No target in view!
HP restored.
Things that are here:
a +0 hand axe; an orc corpse You now have 116 gold pieces (gained 9).
A centaur comes into view.
The centaur shouts!
The centaur wields a +0 shortbow.
The centaur shoots an arrow.
The arrow completely misses you.
A centaur is nearby!
The centaur shoots an arrow.
The arrow closely misses you.
Okay, then.
Okay, then.
The centaur shoots an arrow.
The arrow misses you.
The centaur shoots an arrow.
The arrow hits you!
Ouch! That really hurt!
* * * LOW HITPOINT WARNING * * *
Unknown command.
It was a potion of invisibility.
You fade into invisibility!
The centaur shoots an arrow.
The arrow hits you.
You die...

#...........
#........
######........
#......#######
#......#
#......#
#......#
#......#
#.....h#
#......#
#......#
+......#
#....c.#
#......#
#####.## #.


You could see a centaur (unable to see you).

Vanquished Creatures
  A dart slug (D:2)
  An orc (D:3)
  5 ball pythons
  5 bats
  3 endoplasms
  2 giant cockroaches
  5 goblins
  2 hobgoblins (D:2)
  4 kobolds
  2 quokkas (D:2)
  A frilled lizard (D:1)
  6 rats
37 creatures vanquished.

Notes
Turn   | Place    | Note
-------+----------+-------------------------------------------
     0 | D:1      | Monkooky the Felid Shapeshifter began the quest for the
                  | Orb.
     0 | D:1      | Reached XP level 1. HP: 9/9 MP: 2/2
    26 | D:1      | Reached skill level 3 in Dodging
    63 | D:1      | Reached XP level 2. HP: 12/12 MP: 3/3
   571 | D:1      | Found a faded altar of an unknown god.
   683 | D:1      | Prayed at the altar of an unknown god.
   962 | D:2      | Reached skill level 4 in Dodging
  1204 | D:2      | Reached XP level 3. HP: 10/15 MP: 4/4
  1955 | D:3      | Noticed a centaur
  1959 | D:3      | Shot with an arrow by a centaur

Illustrated notes

Levels and vault maps discovered:
D:1:      mainiacjoe_arrival_reflecting_pool, layout_basic,
          shapermc_ecumenical_altar_mp_vishouse
D:2:      layout_basic
D:3:      layout_basic, uniq_pargi

Skill      XL: |  1  2 |
---------------+-------+-----
Dodging        | 3 4 |  4.4
Fighting       | |  1.1
Unarmed Combat | |  3.5
Shapeshifting  | |  3.2

Action                     || total
---------------------------++-------
  Melee: Unarmed           ||    78
         Bite              ||     5
         Punch             ||     1
    Use: Potion            ||     1
   Stab: Sleeping          ||     5
 Armour: Skin              ||     4
  Dodge: Dodged            ||    49

Table legend: (Time is in decaauts)
 A = Elapsed time spent in this place.
 B = Non-inter-level travel time spent in this place.
 C = Inter-level travel time spent in this place.
 D = Time resting spent in this place.
 E = Time spent auto-exploring this place.
 F = Levels seen in this place.
 G = Mean time per level.
                   A        B        C        D        E       F      G
               +--------+--------+--------+--------+--------+-----+--------+
         Total |   1611 |   1466 |    145 |     36 |   1162 |   3 |  537.0 |
       Dungeon |   1611 |   1466 |    145 |     36 |   1162 |   3 |  537.0 |
               +--------+--------+--------+--------+--------+-----+--------+

Top non-repeatable levels by time:
     D:2: 770 daAuts
     D:1: 740 daAuts
     D:3: 100 daAuts
